 Dungeon Crawl Stone Soup version 0.18-a0-1273-g8ec5f8e (webtiles) character file.

3210 Duffy the Destroyer (level 9, -1/59 HPs)
             Began as a Deep Elf Conjurer on Feb 7, 2016.
             Was a Believer of Vehumet.
             Slain by an orc wizard
             ... wielding a +0 dagger
              (4 damage)
             ... on level 9 of the Dungeon.
             The game lasted 00:12:18 (8051 turns).

Duffy the Destroyer (Deep Elf Conjurer)             Turns: 8051, Time: 00:12:18

Health: -1/59      AC:  5    Str:  0    XL:     9   Next: 65%
Magic:  21/21      EV: 24    Int: 29    God:    Vehumet [**....]
Gold:   389        SH:  0    Dex: 23    Spells: 4 memorised, 10 levels left

rFire  . . .     SeeInvis .     C - +0 rapier of Doom {pain, *Drain rElec Str-5 Int+8} (curse)
rCold  . . .     Gourm    .     a - +1 robe
rNeg   . . .     Faith    .     (no shield)
rPois  .         Spirit   .     I - +0 helmet
rElec  +         Dismiss  .     m - +0 cloak
rCorr  +         Reflect  .     (no gloves)
SustAt .         Harm     .     (no boots)
MR     .....                    y - amulet of regeneration (curse)
Stlth  ++++......               E - +3 ring of evasion
                                s - ring of resist corrosion

@: agile, slowed, lost strength, very slow, not resistant to hostile
enchantments, stealthy
A: no striking features
a: Renounce Religion


You were on level 9 of the Dungeon.
You worshipped Vehumet.
Vehumet was pleased with you.
You were not hungry.

You visited 1 branch of the dungeon, and saw 9 of its levels.

You collected 389 gold pieces.


   Skills:
 - Level 8.2 Fighting
 - Level 4.4 Dodging
 - Level 2.4 Stealth
 + Level 7.1 Spellcasting
 + Level 8.6 Conjurations
 - Level 4.0 Charms


You had 10 spell levels left.
You knew the following spells:

 Your Spells              Type           Power        Failure   Level  Hunger
a - Magic Dart            Conj           ####         1%          1    None
i - Iskenderun's Battles  Conj/Chrm      #####...     12%         5    ####...
l - Iskenderun's Mystic   Conj           ######..     1%          4    ##.....
s - Searing Ray           Conj           ######       1%          2    None

Inventory:

Hand Weapons
 v - a +0 blowgun
 C - the cursed +0 rapier of Doom (weapon) {pain, *Drain rElec Str-5 Int+8} In the hands of one skilled in necromantic magic, it inflicts extra damage on living creatures. It affects your strength (-5). It affects your intelligence (+8). It insulates you from electricity. It causes draining when unequipped. It has a curse placed upon it.
 J - the +5 mace "Oliekecs" {elec, MR+ Str+4} Occasionally, upon striking a foe, it will discharge some electrical energy and cause terrible harm. It affects your strength (+4). It affects your resistance to hostile enchantments.
Missiles
 j - 59 poisoned needles
Armour
 a - a +1 robe (worn)
 m - a +0 cloak (worn)
 I - a +0 helmet (worn)
Jewellery
 i - an uncursed ring of ice
 s - a ring of resist corrosion (left hand)
 y - a cursed amulet of regeneration (around neck)
 E - a +3 ring of evasion (right hand)
Wands
 l - a wand of heal wounds (5/9)
 w - a wand of random effects (6/48)
 L - a wand of acid (8/15)
Scrolls
 d - 2 scrolls of noise {unknown}
 e - 2 scrolls of identify
 f - 5 scrolls of remove curse {unknown}
 k - 2 scrolls of enchant weapon {unknown}
 o - 3 scrolls of enchant armour
 t - 2 scrolls of amnesia {unknown}
 u - 2 scrolls of teleportation {unknown}
 D - a scroll of blinking {unknown}
 G - 2 scrolls of recharging {unknown}
Potions
 h - 3 potions of invisibility
 n - 3 potions of curing
 r - a potion of flight
 x - 2 potions of heal wounds
 z - a potion of mutation {unknown}
 A - 3 potions of lignification
 F - 2 potions of magic
 H - 2 potions of agility
Books
 b - a book of Conjurations
Comestibles
 c - 4 bread rations
 g - 6 meat rations
 p - 2 beef jerkies
 q - 4 fruits
 B - a slice of pizza
 K - 3 chunks of flesh

Dungeon Overview and Level Annotations

Branches:
Dungeon (9/15)             Temple (0/1) D:6
   Lair: D:8-11         Orc: D:9-12

Altars:
Elyvilon
Fedhas
Gozag
Kikubaaqudgha
Nemelex Xobeh
Ru
Vehumet
Yredelemnul
The Shining One

Shops:
D:4 :


Message History

You are confused.
The orc hits you but does no damage. The orc hits you with a falchion.
Something hits you but does no damage. The orc warrior hits you with a glaive!
The orc wizard points at you and mumbles some strange words.
The magic dart hits you! Something hits you but does no damage.
The orc hits you but does no damage. x2
The orc warrior hits you with a glaive!
The orc wizard hits you but does no damage.
Something hits you but does no damage. The orc barely misses you.
The orc hits you but does no damage.
The orc wizard hits you but does no damage.
The orc warrior hits you but does no damage.
Something hits you but does no damage. The orc hits you but does no damage.
The orc barely misses you.
The orc wizard hits you but does no damage.
You hear some strange, mumbled words.
A puff of flame appears from out of thin air!
Helpless, you fail to dodge the puff of flame.
The orc warrior barely misses you. The orc hits you but does no damage. x2
The orc wizard hits you but does no damage.
Something hits you but does no damage. The orc warrior hits you with a glaive!
The orc hits you with a falchion.
The orc wizard hits you but does no damage.
The orc hits you but does no damage. Something hits you but does no damage.
You feel less woody.
Your +0 cloak unmelds from your body.
Your +0 helmet unmelds from your body.
Your +1 robe unmelds from your body.
You feel less confused. The orc misses you.
The orc warrior completely misses you. The orc wizard completely misses you.
You hear some strange, mumbled words.
A magic dart appears from out of thin air!
The magic dart hits you! The orc completely misses you. x2
The orc wizard hits you with a dagger.
You die...

#### #####...# ##
###########.....# .
...<........#...# .#
#######.......#####.#
##.####...#...
#.######.#.####..
..##....o........
#####.#..{@o.....>
#..oo####... #.......
# #.......# #.......#
#......<. ##.(...##
#.#...#


You could see an orc warrior, an orc wizard and 2 orcs.

Action                   |  1- 3 |  4- 6 |  7- 9 || total
-------------------------+-------+-------+-------++-------
Melee: Rapier            |       |       |     1 ||     1
 Fire: Blowgun           |       |    11 |    16 ||    27
 Cast: Magic Dart        |    71 |    87 |   172 ||   330
       Searing Ray       |       |    10 |    20 ||    30
       Iskenderun's Batt |       |     1 |    14 ||    15
  Use: Scroll            |       |     1 |     9 ||    10
       Potion            |       |       |     2 ||     2
 Stab: Sleeping          |       |     4 |     5 ||     9
  Eat: Chunk             |     1 |     7 |    17 ||    25
       Fruit             |       |       |     2 ||     2

Notes
Turn   | Place    | Note
--------------------------------------------------------------
     0 | D:1      | Duffy the Deep Elf Conjurer began the quest for the Orb.
     0 | D:1      | Reached XP level 1. HP: 10/10 MP: 6/6
   134 | D:1      | Reached XP level 2. HP: 10/15 MP: 1/8
   139 | D:1      | Learned a level 2 spell: Searing Ray
   270 | D:1      | Reached skill level 5 in Conjurations
   655 | D:1      | Reached XP level 3. HP: 19/19 MP: 6/9
  1133 | D:2      | Reached skill level 6 in Conjurations
  1262 | D:2      | Found a blossoming altar of Fedhas.
  1262 | D:2      | Found an ancient bone altar of Kikubaaqudgha.
  1476 | D:2      | Reached XP level 4. HP: 24/24 MP: 5/10
  1869 | D:3      | Learned a level 4 spell: Iskenderun's Mystic Blast
  2557 | D:3      | Reached XP level 5. HP: 28/28 MP: 9/12
  2575 | D:3      | Reached skill level 4 in Spellcasting
  2585 | D:3      | Learned a level 5 spell: Iskenderun's Battlesphere
  3184 | D:4      | Reached skill level 1 in Charms
  3216 | D:4      | Reached skill level 7 in Conjurations
  3252 | D:4      | Reached skill level 2 in Charms
  3252 | D:4      | Reached XP level 6. HP: 32/32 MP: 15/15
  3315 | D:4      | Reached skill level 5 in Spellcasting
  3381 | D:4      | Got a dazzling rapier
  3453 | D:4      | Reached skill level 3 in Charms
  3620 | D:4      | Reached XP level 7. HP: 29/36 MP: 7/17
  3749 | D:4      | Found Athiob's Book Emporium.
  3758 | D:4      | Reached skill level 8 in Conjurations
  3758 | D:4      | Reached skill level 4 in Charms
  4118 | D:4      | Reached skill level 6 in Spellcasting
  4181 | D:4      | Reached skill level 1 in Fighting
  4210 | D:4      | Found a white marble altar of Elyvilon.
  4255 | D:4      | Reached skill level 2 in Fighting
  4586 | D:5      | Entered Level 5 of the Dungeon
  4621 | D:5      | Reached skill level 3 in Fighting
  4882 | D:5      | Reached XP level 8. HP: 46/48 MP: 10/19
  5084 | D:5      | Noticed Grinder
  5089 | D:5      | Killed Grinder
  5089 | D:5      | Reached skill level 4 in Dodging
  5291 | D:5      | Found a radiant altar of Vehumet.
  5294 | D:5      | Found an opulent altar of Gozag.
  5360 | D:6      | Noticed Gagarin's ghost (novice HOGl)
  5550 | D:6      | Reached skill level 4 in Fighting
  5654 | D:5      | Became a worshipper of Vehumet
  5900 | D:6      | Noticed Crazy Yiuf
  5904 | D:6      | Killed Crazy Yiuf
  6163 | D:6      | Reached skill level 5 in Fighting
  6166 | D:6      | Found a runed door.
  6202 | D:6      | Killed Gagarin's ghost
  6202 | D:6      | Reached skill level 6 in Fighting
  6293 | D:6      | Found a runed door.
  6433 | D:6      | Found a glowing golden altar of the Shining One.
  6511 | D:6      | Got a faintly glowing mace
  6640 | D:6      | Reached XP level 9. HP: 46/56 MP: 11/20
  6835 | D:6      | Reached * piety under Vehumet
  6835 | D:6      | Offered knowledge of Flame Tongue by Vehumet.
  6835 | D:6      | Reached skill level 7 in Fighting
  7162 | D:6      | Found a staircase to the Ecumenical Temple.
  7216 | D:6      | Found a glowing golden altar of the Shining One.
  7218 | D:6      | Found a sacrificial altar of Ru.
  7218 | D:6      | Found a basalt altar of Yredelemnul.
  7427 | D:6      | Reached skill level 8 in Fighting
  7632 | D:7      | Found a sparkling altar of Nemelex Xobeh.
  7877 | D:7      | Offered knowledge of Throw Flame by Vehumet.
  7877 | D:7      | Reached skill level 7 in Spellcasting
  7981 | D:7      | Lost strength.
  7981 | D:7      | Identified the cursed +0 rapier of Doom {pain, *Drain rElec Str-5 Int+8} (You found it on level 4 of the Dungeon)
  7984 | D:7      | Identified the +5 mace "Oliekecs" {elec, MR+ Str+4} (You found it on level 6 of the Dungeon)
  8029 | D:9      | Reached ** piety under Vehumet
  8051 | D:9      | Slain by an orc wizard

Vault maps used:
D:1:      dpeg_arrival_tiny_j
D:2:      grunt_temple_overflow_growth_and_decay, nrook_mini_vaults,
          minmay_gold_behind_fungi
D:3:      first_bread
D:4:      serial_shops, nicolae_shop_waterfront, elyvilon_altar_4
D:5:      nicolae_overflow_hidden_temple, moated_statue, minivault_27,
          uniq_grinder
D:6:      lemuel_insect_pit, grunt_temple_overflow_diamond,
          minmay_temple_entry_butterflies, nicolae_tso_besieged_by_evil,
          uniq_crazy_yiuf_cottage
D:7:      nemelex_deck
D:8:      david_lair_generic
D:9:      serial_shops, kennysheep_little_box, david_nohive_1, uniq_pikel

Vanquished Creatures
  The ghost of Gagarin the Slasher, a novice HOGl of Beogh Grinder
  A wraith
  A soldier ant
  An ice beast
  3 ogres
  A phantom
  2 centaurs
  A giant frog
  4 scorpions
  11 wights
  4 killer bees
  A crimson imp
  3 hounds
  3 orc wizards
  A centaur skeleton
  A giant frog skeleton
  2 orc priests
  An iguana Crazy Yiuf
  9 worker ants
  A hound skeleton
  A worker ant zombie
  10 adders
  A shadow imp
  4 oozes
  An adder zombie
  2 worms
  4 giant geckos
  14 orcs
  11 giant cockroaches
  10 goblins
  7 hobgoblins
  15 jackals
  5 quokkas
  8 bats
  2 giant newts
  3 goblin zombies
  A hobgoblin zombie
  7 kobolds
  2 kobold skeletons
  A kobold zombie
  2 orc skeletons
  4 rats
  A fungus
170 creatures vanquished.
